Map: Orbital Shipyard

Players

KPdftRepear - Winner!

  • Race: Terran Terran
  • League: Silver

LilDicky

  • Race: Terran Terran
  • League: Diamond

VOD

http://www.twitch.tv/tumescentpie

Description

Time

  • Played on: Nov. 27, 2015, 12:05 a.m.
  • Length: 4:28
Show
View Real Time Build Order
Export as new Build Order

KPdftRepear Terran - Winner!

Build Orders:  

Get SALT Encoding   

  12  0:01  SCV  
  13  0:13  SCV  
  14  0:22  Supply Depot  
  14  0:32  Refinery  
  14  0:43  SCV  
  14  0:45  Barracks  
  15  0:59  SCV  
  15  1:00  Barracks  
  16  1:11  SCV  
  17  1:23  SCV  
  17  1:25  Barracks  
  18  1:34  Reaper  
  18  1:35  SCV  
  20  1:41  Refinery  
  20  1:48  Reaper  
  21  1:56  Supply Depot  
  21  2:06  Reaper  
  21  2:08  SCV  
  23  2:20  Reaper  
  23  2:21  Orbital Command  
  24  2:28  Reaper  
  25  2:37  Supply Depot  
  25  2:44  Reaper  
  25  2:53  Reaper  
  26  3:00  Reaper, Engineering Bay  
  27  3:16  Reaper  
  28  3:25  Reaper  
  28  3:26  Missile Turret  
  29  3:33  SCV  
  30  3:34  Reaper, Missile Turret  
  30  3:45  SCV  
  31  3:48  Reaper  
Show
View Real Time Build Order
Export as new Build Order

LilDicky Terran 

Build Orders: 1/1/1 

Get SALT Encoding   

  12  0:01  SCV  
  13  0:13  SCV  
  14  0:18  Supply Depot  
  14  0:25  SCV  
  15  0:30  Refinery  
  15  0:39  SCV  
  16  0:45  Barracks  
  16  0:52  SCV  
  17  1:04  SCV  
  18  1:16  SCV  
  19  1:32  Marine  
  21  1:34  Factory  
  21  1:35  Orbital Command  
  20  1:46  Supply Depot  
  20  1:49  Marine  
  21  2:00  SCV  
  22  2:07  Marine  
  23  2:14  Refinery  
  23  2:17  Starport  
  23  2:20  Factory Tech Lab  
  23  2:21  SCV  
  24  2:25  Marine  
  24  2:26  Supply Depot  
  25  2:43  Marine  
  26  2:56  Widow Mine  
  28  3:01  SCV, Marine  
  28  3:02  Banshee  
  33  3:13  SCV  
  33  3:18  Supply Depot  
  33  3:19  Marine  
  33  3:36  Hellion  
  33  3:37  Marine  
  33  3:45  Banshee  
  36  3:52  SCV  
  36  3:55  Marine  
  38  3:59  Command Center  
  33  4:04  SCV  
Tags
 
Add a new tag
Caveats
  • Supply blocks, unpowered buildings, or Contaminate may cause inaccurate times.
  • Supply counts are checked every 10 seconds.